 Dungeon Crawl Stone Soup version 0.30-a0-723-gc1506a1cf0 (webtiles) character file.

Game seed: 10291162573540906684

1364 pokeman the Thaumaturge (level 8, -5/44 HPs)
             Began as a Deep Elf Hedge Wizard on Jan 28, 2023.
             Slain by a wight
             ... wielding a +3 scimitar
              (17 damage)
             ... on level 6 of the Dungeon.
             The game lasted 00:11:30 (5812 turns).

pokeman the Thaumaturge (Deep Elf Hedge Wizard)     Turns: 5812, Time: 00:11:31

Health: -5/44      AC:  4    Str:  7    XL:     8   Next: 38%
Magic:  8/23       EV: 18    Int: 22    God:
Gold:   167        SH:  0    Dex: 14    Spells: 18/26 levels left

rFire   . . .      SeeInvis .    B - +2 dagger (venom)
rCold   . . .      Faith    .    (no shield)
rNeg    . . .      Spirit   .    b - +0 robe
rPois   +          Reflect  .    x - +1 hat
rElec   .          Harm     .    (no cloak)
rCorr   .          Rampage  .    j - +0 pair of gloves
Will    .....                    (no boots)
Stlth   ++                       (no amulet)
HPRegen 0.27/turn                f - ring of poison resistance
MPRegen 0.18/turn                n - +5 ring of evasion

@: very slightly contaminated
A: no striking features
a: no special abilities


You were on level 6 of the Dungeon.
You visited 1 branch of the dungeon, and saw 6 of its levels.
You also visited: Sewer.

You collected 209 gold pieces.
You spent 42 gold pieces at shops.

Inventory:

Hand Weapons
 B - a +2 dagger of venom (weapon)
 E - a +3 spectral club
 G - the +7 hand axe of Fecoc {holy, Str+7 Int+4}
   (You found it on level 5 of the Dungeon)

   Str:       It affects your strength (+7).
   Int:       It affects your intelligence (+4).
Missiles
 D - 3 throwing nets
Armour
 b - a +0 robe (worn)
 j - a +0 pair of gloves (worn)
 x - a +1 hat (worn)
 H - a +0 buckler
Magical Staves
 C - a staff of fire
Jewellery
 f - a ring of poison resistance (left hand)
 n - a +5 ring of evasion (right hand)
 I - a ring of flight
Wands
 t - a wand of roots (15)
Scrolls
 a - a scroll of butterflies {unknown}
 c - 2 scrolls of poison {unknown}
 g - 3 scrolls of immolation {unknown}
 i - 3 scrolls of identify {unknown}
 k - 3 scrolls of magic mapping {unknown}
 m - 6 scrolls of vulnerability {unknown}
 r - a scroll of blinking {unknown}
 s - 3 scrolls of fear {unknown}
 u - 3 scrolls of teleportation {unknown}
 v - a scroll of noise {unknown}
 w - 2 scrolls of amnesia {unknown}
 y - a scroll of enchant armour {unknown}
 A - a scroll of fog {unknown}
 F - a scroll of acquirement {unknown}
Potions
 d - 2 potions of magic
 e - 8 potions of might {unknown}
 h - a potion of invisibility {unknown}
 l - 7 potions of curing
 o - 2 potions of heal wounds {unknown}
 p - a potion of cancellation {unknown}
 q - 2 potions of mutation {unknown}
 z - 2 potions of attraction {unknown}


   Skills:
 - Level 2.2 Fighting
 + Level 2.2 Armour
 - Level 3.0 Dodging
 - Level 3.0 Stealth
 * Level 9.6 Spellcasting
 + Level 5.0 Conjurations
 - Level 3.2 Summonings
 - Level 1.1 Translocations
 + Level 2.1 Fire Magic
 - Level 1.1 Air Magic
 - Level 1.0 Poison Magic
 - Level 1.0 Evocations


You had 18 spell levels left.
You knew the following spells:

 Your Spells              Type           Power      Damage    Failure   Level
a - Magic Dart            Conj           100%       1d8       1%          1
b - Mephitic Cloud        Conj/Pois/Air  21%        N/A       7%          3
c - Call Imp              Summ           24%        N/A       2%          2
d - Blink                 Tloc           30%        N/A       6%          2

Your spell library contained the following spells:

 Spells                   Type           Power      Damage    Failure   Level
 Slow                     Hex            40%        N/A       6%          1
 Cigotuvi's Dreadful Rot  Necr/Pois/Air  26%        N/A       7%          2
 Sublimation of Blood     Necr           10%        N/A       10%         2
 Tukima's Dance           Hex            10%        N/A       19%         3
 Passage of Golubria      Tloc           15%        N/A       36%         4
 Irradiate                Conj/Tmut      10%        3d15      52%         5
 Petrify                  Tmut/Erth      10%        N/A       54%         4
 Alistair's Intoxication  Tmut/Pois      8%         N/A       82%         5
 Borgnjor's Vile Clutch   Necr/Erth      5%         N/A       87%         5
 Yara's Violent Unravell  Hex/Tmut       5%         3d4       87%         5
 Eringya's Noxious Bog    Tmut/Pois      6%         N/A       100%        6


Dungeon Overview and Level Annotations

Branches:
Dungeon (6/15)              Sewer (visited)
 Temple: D:4-7

Altars:
Gozag
Wu Jian
The Shining One

Shops:
D:1 *   D:2 !


Message History

The wight closely misses your crimson imp.
Your crimson imp barely misses the wight.
The iguana attacks as you move away! The iguana closely misses you.
A wight comes into view.
It is wielding a +3 morningstar of freezing.
Found 13 gold pieces.
The wight hits your crimson imp with a +4 spear!
Your crimson imp blinks!
A steam dragon and a wight come into view.
The iguana attacks as you move away! The iguana barely misses you.
Casting: Call Imp (safe; 2% risk of failure)
Confirm with . or Enter, or press ? or * to list all spells.
Aiming: Mephitic Cloud (dangerous; 7% risk of failure)
Press: ? - help, Shift-Dir - straight line, f - iguana
Aim: an iguana (chance to affect: 86%)
The ball explodes into a vile cloud!
The stinking cloud engulfs the iguana but does no damage.
The stinking cloud engulfs you but does no damage.
You hear an angry hiss.
The iguana is engulfed in noxious fumes.
The iguana appears confused.
You feel a bit more experienced.
The iguana is engulfed in noxious fumes.
The iguana appears confused.
The iguana barely misses the wight. 2 wights come into view.
The iguana is engulfed in noxious fumes.
The iguana appears confused.
The iguana is engulfed in noxious fumes.
The iguana appears confused.
The iguana is engulfed in noxious fumes.
The iguana appears confused.
Casting: Mephitic Cloud (dangerous; 7% risk of failure)
Confirm with . or Enter, or press ? or * to list all spells.
You miscast Call Imp.
You are very lightly contaminated with residual magic.
Nothing appears to happen.
Casting: Call Imp (safe; 2% risk of failure)
Confirm with . or Enter, or press ? or * to list all spells.
A beastly little devil appears in a puff of flame.
The wight hits you with a +3 scimitar!
You die...

..P..P..P..
..P.......#######
.....P..........#
......))#.....###
#..###g†........ #
#.#.#<.g.....## #$
#.##.)......$.# #.
#g#######z.##.#
#..#.# #..##@#
#..#.#######..##z#
#........5....##5#
...#.#######.###.#
# #........z.....#
.......#####.#####
.##.#...# #.#
#......# #.#
........##.#


You could see a wight (ally target) and a friendly crimson imp (summoned).

Vanquished Creatures
  Pikel (D:4)
  A black bear (D:4)
  An ogre (D:6)
  A centaur (D:4)
  A kobold brigand (Sewer)
  4 hounds (D:4)
  A jelly (D:4)
  2 gnoll boudas (D:6)
  An iguana (D:4)
  Ijyb (D:5)
  An orc wizard (D:3)
  11 adders
  9 gnolls
  A river rat (Sewer)
  2 ufetubi
  3 worms
  4 dart slugs
  2 orcs
  9 ball pythons
  2 bats
  8 endoplasms
  4 giant cockroaches
  4 hobgoblins
  10 jackals
  5 quokkas
  4 frilled lizards
  6 goblins
  11 kobolds
  8 rats
118 creatures vanquished.

Vanquished Creatures (collateral kills)
  An orc (D:3)
1 creature vanquished.

Vanquished Creatures (others)
  7 plants (D:6)
7 creatures vanquished.

Grand Total: 126 creatures vanquished

Notes
Turn   | Place    | Note
-------+----------+-------------------------------------------
     0 | D:1      | pokeman the Deep Elf Hedge Wizard began the quest for the
                  | Orb.
     0 | D:1      | Reached XP level 1. HP: 10/10 MP: 7/7
   250 | D:1      | Reached XP level 2. HP: 15/15 MP: 2/9
   731 | D:1      | Reached skill level 5 in Spellcasting
   805 | D:1      | Found Byasisaliwk's General Store.
  1305 | D:1      | Reached XP level 3. HP: 20/20 MP: 5/11
  1309 | D:1      | Learned a level 3 spell: Mephitic Cloud
  1312 | D:1      | Learned a level 2 spell: Call Imp
  1315 | D:1      | Learned a level 2 spell: Blink
  1988 | D:2      | Reached skill level 1 in Fighting
  1988 | D:2      | Reached skill level 1 in Armour
  2195 | D:2      | Reached XP level 4. HP: 25/25 MP: 9/13
  2260 | D:2      | Found Kadd's Distillery.
  2268 | D:2      | Bought a potion of curing for 42 gold pieces
  2819 | D:3      | Reached skill level 6 in Spellcasting
  2819 | D:3      | Reached XP level 5. HP: 29/29 MP: 9/15
  2863 | D:3      | Found a glowing drain.
  2902 | Sewer    | Entered a sewer
  3035 | Sewer    | Reached skill level 1 in Evocations
  3313 | Sewer    | Reached skill level 1 in Air Magic
  3313 | Sewer    | Reached skill level 1 in Poison Magic
  3313 | Sewer    | Reached XP level 6. HP: 23/34 MP: 12/17
  4041 | D:4      | Found an opulent altar of Gozag.
  4202 | D:4      | Noticed Pikel
  4227 | D:4      | Killed Pikel
  4228 | D:4      | Reached skill level 8 in Spellcasting
  4228 | D:4      | Reached XP level 7. HP: 40/40 MP: 17/20
  4288 | D:4      | Found an ornate altar of the Wu Jian Council.
  4697 | D:4      | Reached XP level 8. HP: 42/44 MP: 19/22
  4704 | D:4      | Reached skill level 9 in Spellcasting
  4932 | D:4      | Reached skill level 1 in Fire Magic
  5219 | D:5      | Entered Level 5 of the Dungeon
  5264 | D:5      | Noticed Ijyb
  5279 | D:5      | Killed Ijyb
  5426 | D:5      | Identified the +7 hand axe of Fecoc {holy, Str+7 Int+4}
  5725 | D:5      | Found a glowing golden altar of the Shining One.
  5774 | D:6      | HP: 2/44 [gnoll bouda/+1 whip of flaming (2)]
  5777 | D:6      | Reached skill level 5 in Conjurations
  5812 | D:6      | Slain by a wight

Illustrated notes

Levels and vault maps discovered:
D:1:      grunt_arrival_crossed_arrows, layout_basic, serial_shops, shop
D:2:      layout_loops_ring, serial_shops, nicolae_shop_hallway_stairs
D:3:      layout_basic, gup_sewer_entry_glass
D:4:      layout_basic, mainiacjoe_overflow_concentric_impassable,
          lemuel_round_altar, uniq_pikel
D:5:      layout_rooms, lemuel_round_altar, uniq_ijyb
D:6:      layout_loops_ring, nicolae_grassy_gnolls

Skill      XL: |  1  2  3  4  5  6  7  8 |
---------------+-------------------------+-----
Spellcasting   | 5 6 8 9 |  9.6
Fighting       | 1 2 |  2.2
Armour         | 1 2 |  2.2
Conjurations   | 2 3 4 5 |  5.0
Stealth        | 3 |  3.0
Dodging        | 3 |  3.0
Evocations     | 1 |  1.0
Air Magic      | 1 |  1.1
Poison Magic   | 1 |  1.0
Summonings     | 2 3 |  3.2
Fire Magic     | 2 |  2.1
Translocations | |  1.1

Action                     |  1- 3 |  4- 6 |  7- 9 || total
---------------------------+-------+-------+-------++-------
  Melee: Dagger            |    21 |    78 |    76 ||   175
         Punch             |       |     1 |     1 ||     2
   Cast: Magic Dart        |    99 |    90 |    19 ||   208
         Mephitic Cloud    |     4 |     5 |    17 ||    26
         Call Imp          |     1 |     1 |     2 ||     4
         Blink             |     1 |       |       ||     1
   Stab: Confused          |       |     6 |    11 ||    17
         Sleeping          |       |       |     1 ||     1
 Armour: Robe              |     7 |    10 |     9 ||    26
  Dodge: Dodged            |    21 |    67 |    95 ||   183

Table legend: (Time is in decaauts)
 A = Elapsed time spent in this place.
 B = Non-inter-level travel time spent in this place.
 C = Inter-level travel time spent in this place.
 D = Time resting spent in this place.
 E = Time spent auto-exploring this place.
 F = Levels seen in this place.
 G = Mean time per level.
                   A        B        C        D        E       F      G
               +--------+--------+--------+--------+--------+-----+--------+
         Total |   5863 |   5708 |    155 |    204 |   4569 |   7 |  837.6 |
       Dungeon |   5206 |   5051 |    155 |    204 |   4054 |   6 |  867.7 |
         Sewer |    657 |    657 |      0 |      0 |    515 |   1 |  657.0 |
               +--------+--------+--------+--------+--------+-----+--------+

Top non-repeatable levels by time:
     D:1: 1734 daAuts
     D:4: 1177 daAuts
     D:2: 1025 daAuts
     D:3: 676 daAuts
   Sewer: 657 daAuts
     D:5: 539 daAuts
     D:6: 52 daAuts
